 Dungeon Crawl Stone Soup version 0.28-a0-1235-g7c8fac35f0 (webtiles) character file.

Game seed: 2243873404114911107

403 Zonian the Ducker (level 6, -6/41 HPs)
             Began as a Merfolk Venom Mage on Dec 24, 2021.
             Was a Priest of Lugonu.
             Mangled by a centaur (8 damage)
             ... on level 4 of the Dungeon.
             The game lasted 00:11:19 (7518 turns).

Zonian the Ducker (Merfolk Venom Mage)              Turns: 7518, Time: 00:11:20

Health: -6/41      AC:  5    Str:  9    XL:     6   Next: 86%
Magic:  6/10       EV: 13    Int: 16    God:    Lugonu [***...]
Gold:   120        SH:  0    Dex: 14    Spells: 5/11 levels left

rFire   . . .      SeeInvis .   h - +0 trident
rCold   . . .      Faith    .   (no shield)
rNeg    . . .      Spirit   .   a - +0 robe
rPois   +          Reflect  .   (no helmet)
rElec   .          Harm     .   f - +2 cloak
rCorr   .          Rampage  .   (no gloves)
Will    .....                   (no boots)
Stlth   ++........              (no amulet)
HPRegen 0.13/turn               i - ring of poison resistance
MPRegen 0.12/turn               (no ring)

@: no status effects
A: (nimble swimmer 2), mertail
a: Renounce Religion, Depart the Abyss, Bend Space, Banish


You were on level 4 of the Dungeon.
You worshipped Lugonu.
Lugonu was most pleased with you.
You visited 1 branch of the dungeon, and saw 4 of its levels.

You collected 120 gold pieces.

Inventory:

Hand Weapons
 d - a +0 dagger
 h - a +0 trident (weapon)
Missiles
 n - 14 sling bullets
Armour
 a - a +0 robe (worn)
 f - a +2 cloak (worn)
 k - a +2 leather armour of poison resistance
Jewellery
 i - a ring of poison resistance (left hand)
Scrolls
 c - a scroll of magic mapping
 g - 2 scrolls of blinking
 o - a scroll of amnesia {unknown}
 p - a scroll of vulnerability {unknown}
 q - 2 scrolls of teleportation
 r - a scroll of identify
 s - a scroll of fear
Potions
 e - a potion of attraction {unknown}
 j - a potion of cancellation
 l - 3 potions of might {unknown}
 m - a potion of degeneration {unknown}
 t - a potion of mutation {unknown}


   Skills:
 + Level 0.8 Polearms
 + Level 1.0 Armour
 + Level 4.5 Dodging
 + Level 3.9 Stealth
 + Level 3.1 Spellcasting
 + Level 0.0 Conjurations
 + Level 3.7 Transmutations
 + Level 0.0 Air Magic
 + Level 4.3 Poison Magic
 + Level 1.9 Invocations


You had 5 spell levels left.
You knew the following spells:

 Your Spells              Type           Power      Damage    Failure   Level
a - Sting                 Tmut/Pois      60%        1d6       3%          1
b - Poisonous Vapours     Pois/Air       18%        N/A       11%         2
c - Mephitic Cloud        Conj/Pois/Air  7%         N/A       30%         3

Your spell library contained the following spells:

 Spells                   Type           Power      Damage    Failure   Level
 Magic Dart               Conj           8%         1d3       19%         1
 Call Imp                 Summ           2%         N/A       28%         2
 Olgreb's Toxic Radiance  Pois           16%        N/A       30%         4


Dungeon Overview and Level Annotations

Branches:
Dungeon (4/15)
 Temple: D:4-7

Altars:
Ashenzari
Lugonu

Annotations:
D:2 Natasha


Innate Abilities, Weirdness & Mutations

((You are very nimble when in or above water. (Stealth+, EV+, Speed+++)))
Your lower body shifts to a powerful aquatic tail in water.


Message History

The centaur unwields a +0 shortbow.
The centaur wields a +0 short sword.
The centaur barely misses you.
The centaur kicks you but does no damage.
Casting: Sting (safe; 3% risk of failure)
Confirm with . or Enter, or press ? or * to list all spells.
Aiming: Sting (safe; 3% risk of failure)
Press: ? - help, Shift-Dir - straight line, f/p - centaur
Aim: a centaur, wielding a +0 short sword and quivering arrows (moderately wounded, poisoned, 84% to hit)
The sting hits the centaur.
The centaur looks even sicker.
The centaur is heavily wounded.
The centaur hits you with a +0 short sword.
* * * LOW HITPOINT WARNING * * *
The centaur kicks you.
* * * LOW HITPOINT WARNING * * *
The centaur hits you with a +0 short sword.
* * * LOW HITPOINT WARNING * * *
The centaur kicks you but does no damage.
Okay, then.
Unknown command.
You feel better. The centaur barely misses you. x2
Unknown command.
Casting: Sting (safe; 3% risk of failure)
Confirm with . or Enter, or press ? or * to list all spells.
Aiming: Sting (safe; 3% risk of failure)
Press: ? - help, Shift-Dir - straight line, f/p - centaur
Aim: a centaur, wielding a +0 short sword and quivering arrows (heavily wounded, very poisoned, 84% to hit)
The sting hits the centaur.
The centaur looks even sicker.
The centaur is heavily wounded.
The centaur hits you with a +0 short sword.
* * * LOW HITPOINT WARNING * * *
The centaur closely misses you.
The centaur hits you with a +0 short sword.
* * * LOW HITPOINT WARNING * * *
The centaur closely misses you.
Unknown command.
Okay, then.
You hit the centaur.
The centaur is almost dead.
The centaur hits you with a +0 short sword!
You die...

#. #.####+#######
#............#
#............#
..#............#
...#............#
...'............+
...#.......c....#
P..........@....#
..###...........#
#...........# #+#
###.........# #.#
###.........# #.#
#...........# #.#
#...........# #.#
#.>..######.# #.#######
#....######'###).......


You could see a centaur (very poisoned).

Vanquished Creatures
  A scorpion (D:4)
  A centaur skeleton (D:3)
  3 orc priests
  Terence (D:2)
  An iguana (D:4)
  An orc wizard (D:3)
  Crazy Yiuf (D:2)
  2 adders (D:3)
  A worm (D:2)
  3 dart slugs
  15 orcs
  4 endoplasms
  8 giant cockroaches
  8 goblins
  8 hobgoblins
  5 jackals
  6 kobolds
  2 quokkas
  3 ball pythons
  3 bats
  2 frilled lizards
  A quokka skeleton (D:4)
  4 rats
84 creatures vanquished.

Notes
Turn   | Place    | Note
-------+----------+-------------------------------------------
     0 | D:1      | Zonian the Merfolk Venom Mage began the quest for the Orb.
     0 | D:1      | Reached XP level 1. HP: 13/13 MP: 3/3
   400 | D:1      | Found a faded altar of an unknown god.
   434 | D:1      | Prayed at the altar of an unknown god.
   434 | D:1      | Became a worshipper of Lugonu the Unformed
   434 | D:1      | Reached * piety under Lugonu
   434 | D:1      | Reached ** piety under Lugonu
  1109 | D:1      | Reached XP level 2. HP: 19/19 MP: 1/5
  2406 | D:2      | Reached XP level 3. HP: 24/24 MP: 4/6
  2613 | D:2      | Noticed Terence
  2620 | D:2      | Noticed Natasha
  2624 | D:2      | Killed Terence
  3263 | D:2      | Reached XP level 4. HP: 30/30 MP: 7/7
  3293 | D:2      | Learned a level 2 spell: Poisonous Vapours
  3756 | D:2      | Found a runed translucent door.
  3757 | D:2      | Noticed Crazy Yiuf
  3781 | D:2      | Killed Crazy Yiuf
  4242 | D:2      | Reached XP level 5. HP: 31/35 MP: 2/9
  4512 | D:3      | Reached skill level 1 in Invocations
  4995 | D:3      | Reached *** piety under Lugonu
  5741 | D:3      | Reached XP level 6. HP: 18/41 MP: 1/10
  7370 | D:4      | Learned a level 3 spell: Mephitic Cloud
  7390 | D:4      | Found a broken altar of Ashenzari.
  7474 | D:4      | Reached skill level 1 in Armour
  7517 | D:4      | HP: 2/41 [centaur (5)]
  7518 | D:4      | Mangled by a centaur

Illustrated notes

Levels and vault maps discovered:
D:1:      psy_arrival_radial02, layout_basic, chequers_ecumenical_altar_simple
D:2:      layout_loops_ring, st_stairs_13, uniq_crazy_yiuf_cottage,
          uniq_natasha, uniq_terence
D:3:      layout_basic, minmay_goblin_kobold_house
D:4:      layout_basic, mainiacjoe_overflow_tiny_flanked,
          grunt_temple_overflow_gold_and_silver,
          minmay_temple_entry_enclosed_plants, gup_sewer_entry_bubbles,
          serial_bayou_pond_a

Skill      XL: |  1  2  3  4  5  6 |
---------------+-------------------+-----
Dodging        | 3 4 |  4.5
Transmutations | 2 3 |  3.7
Stealth        | 3 |  3.9
Poison Magic   | 4 |  4.3
Invocations    | 1 |  1.9
Spellcasting   | 3 |  3.1
Armour         | 1 |  1.0
Polearms       | |  0.8

Action                   |  1- 3 |  4- 6 || total
-------------------------+-------+-------++-------
Melee: Unarmed           |     3 |       ||     3
       Dagger            |    31 |    97 ||   128
       Trident           |       |    22 ||    22
 Cast: Sting             |    43 |   137 ||   180
Invok: Bend Space        |     1 |     1 ||     2
  Use: Scroll            |     6 |     1 ||     7
       Potion            |       |     1 ||     1
 Stab: Sleeping          |     1 |       ||     1
       Distracted        |       |     1 ||     1
Armor: Robe              |    15 |    52 ||    67
       Leather armour    |       |     9 ||     9
Dodge: Dodged            |    35 |   161 ||   196

Table legend: (Time is in decaauts)
 A = Elapsed time spent in this place.
 B = Non-inter-level travel time spent in this place.
 C = Inter-level travel time spent in this place.
 D = Time resting spent in this place.
 E = Time spent auto-exploring this place.
 F = Levels seen in this place.
 G = Mean time per level.
                   A        B        C        D        E       F      G
               +--------+--------+--------+--------+--------+-----+--------+
         Total |   7509 |   7358 |    151 |   3644 |   2546 |   4 | 1877.2 |
       Dungeon |   7509 |   7358 |    151 |   3644 |   2546 |   4 | 1877.2 |
               +--------+--------+--------+--------+--------+-----+--------+

Top non-repeatable levels by time:
     D:2: 2989 daAuts
     D:1: 2323 daAuts
     D:3: 1938 daAuts
     D:4: 257 daAuts
